 Dungeon Crawl Stone Soup version 0.22.1-2-g9c5b331 (webtiles) character file.

64 MalarOregon the Poker (level 4, -1/33 HPs)
             Began as a Merfolk Gladiator on Nov 19, 2018.
             Slain by Sigmund
             ... wielding a +3 vampiric scythe
              (11 damage)
             ... on level 2 of the Dungeon.
             The game lasted 00:02:42 (1082 turns).

MalarOregon the Poker (Merfolk Gladiator)           Turns: 1082, Time: 00:02:43

Health: -1/33      AC:  5    Str: 14    XL:     4   Next: 12%
Magic:  4/4        EV: 14    Int:  8    God:
Gold:   60         SH:  0    Dex: 15    Spells: 3/3 levels left

rFire    . . .     SeeInvis .   a - +0 trident
rCold    . . .     Gourm    .   (no shield)
rNeg     + . .     Faith    .   b - +0 leather armour
rPois    .         Spirit   .   c - +0 helmet
rElec    .         Reflect  .   (no cloak)
rCorr    .         Harm     .   (no gloves)
MR       .....                  p - +0 pair of boots
Stlth    +.........             (no amulet)
HPRegen  0.11/turn              j - ring of positive energy
MPRegen  0.09/turn              (no ring)

@: no status effects
A: change form in water, swift swim, stealthy swim
a: no special abilities


You were on level 2 of the Dungeon.
You were not hungry.

You visited 1 branch of the dungeon, and saw 2 of its levels.

You collected 60 gold pieces.

Inventory:

Hand Weapons
 a - a +0 trident (weapon)
Missiles
 d - 3 throwing nets (quivered) {!f}
 h - 154 stones
 n - 8 javelins
 r - 9 arrows
 w - 16 poisoned needles
Armour
 b - a +0 leather armour (worn)
 c - a +0 helmet (worn)
 p - a +0 pair of boots (worn)
   (You found it on level 1 of the Dungeon)
Jewellery
 j - a ring of positive energy (left hand)
   (You found it on level 1 of the Dungeon)
Scrolls
 f - 3 scrolls of remove curse {@r2}
 g - a scroll of identify {@r1}
 m - a scroll of blinking {unknown}
 s - 3 scrolls of magic mapping
 u - a scroll of random uselessness {unknown}
 v - a scroll of fear {unknown}
Potions
 k - 2 potions of curing {@q1}
 l - 2 potions of haste {unknown}
 o - a potion of cancellation {unknown}
 q - a potion of mutation {unknown}
 t - a potion of degeneration {unknown}
Comestibles
 e - 3 rations {!d}
 i - 6 chunks of flesh


   Skills:
 - Level 2.1 Fighting
 + Level 7.1 Polearms
 - Level 2.0 Throwing
 - Level 4.0 Dodging


You had 3 spell levels left.
You didn't know any spells.
Your spell library was empty.

Dungeon Overview and Level Annotations

Branches:
Dungeon (2/15)

Altars:

Annotations:
D:2 Sigmund


Message History

The kobold throws a stone.
The stone hits you but does no damage.
Found a leather armour.
Attack whom?
Aim: a kobold, wielding a whip You reach to attack!
You barely miss the kobold. You hit the kobold.
You kill the kobold!
Sigmund the Dreaded comes into view.
He is wielding a vampiric scythe.
Sigmund shouts!
Sigmund casts a spell at you.
You are confused.
You're too confused!
You are too confused!
You bump into the rock wall.
Sigmund mumbles some strange words.
Sigmund flickers and vanishes!
Deactivating autopickup; reactivate with Ctrl-A.
You bump into the rock wall.
Something hits you.
You're too confused to move!
Something hits you!
You bump into the rock wall.
Unknown command.
You feel less confused.
You see here a stone.
Unknown command.
Some of the chunks of flesh in your inventory have rotted away.
A magic dart appears from out of thin air!
The magic dart hits you!
* * * LOW HITPOINT WARNING * * *
You see here a sling bullet.
You see here 5 sling bullets.
Some of the chunks of flesh in your inventory have rotted away.
You are confused.
A magic dart appears from out of thin air!
The magic dart hits you!
* * * LOW HITPOINT WARNING * * *
Sigmund appears from thin air!
Reactivating autopickup.
You feel less confused. Sigmund barely misses you.
Okay, then.
As you read the scroll labeled WEIWNE RUIPH, it crumbles to dust.
You feel aware of your surroundings.
You sensed 1 altar.
It was a scroll of magic mapping.
As you read the scroll labeled TAUDWUEDEKO, it crumbles to dust.
It is a scroll of identify.
k - 2 potions of curing Sigmund hits you from afar with a vampiric scythe!
You die...

*,***##.*##.#.* #..#######.#
*,,,,,..,.....* #).........#
******#.#.**#.## #)##########
#####,,..#* *#.#######(###
......##)# #.......รท...#####
****#....## ##.##......(.....#
#.###.###.###.####.#.###.# #,*
##(..####.## #(#.# #.#
*****,**###.####@..###(#.# #.#
,,,<,,,,..#.###.....##.#.# #.#
,,,*,,**#.#.#....@.....#.# #.#
*,,*,** #.#.#.#.....####.###.#
*,.#.####.#.#.##...###.....#.#
#.............###.####.#.#.#.#
#....####.##.## #............#
#..#** #.##.#
######.#.#.######
#..######.##.## #...........


You could see Sigmund.

Vanquished Creatures
  An adder (D:2)
  An ooze (D:1)
  A worm (D:2)
  A leopard gecko (D:2)
  3 giant cockroaches
  8 goblins
  2 hobgoblins (D:2)
  7 kobolds
  4 quokkas (D:2)
  7 bats
  2 frilled lizards
  4 rats (D:2)
41 creatures vanquished.

Notes
Turn   | Place    | Note
-------+----------+-------------------------------------------
     0 | D:1      | MalarOregon the Merfolk Gladiator began the quest for the
                  | Orb.
     0 | D:1      | Reached XP level 1. HP: 16/16 MP: 1/1
   269 | D:1      | Reached skill level 5 in Polearms
   269 | D:1      | Reached XP level 2. HP: 22/22 MP: 2/2
   519 | D:2      | Reached skill level 6 in Polearms
   519 | D:2      | Reached XP level 3. HP: 22/27 MP: 3/3
   888 | D:2      | Reached XP level 4. HP: 31/33 MP: 4/4
   976 | D:2      | Reached skill level 7 in Polearms
  1046 | D:2      | Noticed Sigmund
  1082 | D:2      | Slain by Sigmund

Skill      XL: |  1  2  3  4 |
---------------+-------------+-----
Polearms       | 5 6 7 |  7.1
Fighting       | |  2.1
Throwing       | |  2.0
Dodging        | |  4.0

Action                   |  1- 3 |  4- 6 || total
-------------------------+-------+-------++-------
Melee: Trident           |   108 |    13 ||   121
  Use: Scroll            |     1 |     2 ||     3
 Stab: Distracted        |     1 |       ||     1
  Eat: Chunk             |       |     1 ||     1
Armor: Leather armour    |    24 |     7 ||    31
Dodge: Dodged            |    56 |    16 ||    72
